 Dungeon Crawl Stone Soup version 0.24-a0-441-g27f0392e16 (webtiles) character file.

Game seed: 13890393975235838128

27145 wilfster70 the Thaumaturge (level 13, -1/111 HPs)
             Began as a Yellow Draconian Fire Elementalist on June 11, 2019.
             Was a High Priest of Vehumet.
             Slain by a komodo dragon (21 damage)
             ... on level 5 of the Lair of Beasts on June 20, 2019.
             The game lasted 01:23:45 (24273 turns).

wilfster70 the Thaumaturge (DrFE)                  Turns: 24273, Time: 01:23:45

Health: -1/111     AC: 13    Str: 11    XL:     13   Next: 2%
Magic:  15/28      EV: 11    Int: 19    God:    Vehumet [*****.]
Gold:   1031       SH:  4    Dex: 13    Spells: 12/34 levels left

rFire    . . .     SeeInvis .   a - +2 dagger (drain)
rCold    . . .     Gourm    +   x - +0 buckler
rNeg     . . .     Faith    .   (armour unavailable)
rPois    .         Spirit   .   (helmet restricted)
rElec    .         Reflect  .   D - +0 cloak
rCorr    +         Harm     .   u - +1 pair of gloves
MR       +....                  i - +1 pair of boots
Stlth    +.........             r - amulet of the gourmand
HPRegen  0.28/turn              F - +5 ring of slaying
MPRegen  0.21/turn              I - ring of protection from magic

@: heavily drained
A: spit acid, unfitting armour, cold-blooded, acid resistance, AC +8
a: Breathe Acid, Renounce Religion


You were on level 5 of the Lair of Beasts.
You worshipped Vehumet.
Vehumet was extremely pleased with you.
You were very full.

You visited 2 branches of the dungeon, and saw 16 of its levels.
You also visited: Volcano.

You collected 1031 gold pieces.

Inventory:

Hand Weapons
 a - a +2 dagger of draining (weapon)
 b - a +0 scimitar of flaming
 z - a +4 demon trident of draining
 M - a +2 hunting sling of velocity
Missiles
 c - 12 boomerangs (quivered)
 C - 158 sling bullets
Armour
 i - a +1 pair of boots (worn)
 u - a +1 pair of gloves (worn)
 x - a +0 buckler (worn)
 D - a +0 cloak (worn)
Jewellery
 d - an uncursed ring of fire
 f - the ring "Rucseam" {rC+ rN+ MP-9 Int+6}
   (You found it on level 8 of the Dungeon)

   [ring of protection from cold]

   It affects your intelligence (+6).
   It protects you from cold.
   It protects you from negative energy.
   It affects your magic capacity (-9).
 h - a +1 ring of protection
 o - a +2 ring of intelligence
 r - an amulet of the gourmand (around neck)
 F - a +5 ring of slaying (left hand)
 I - a ring of protection from magic (right hand)
Wands
 t - a wand of paralysis (29)
 y - a wand of acid (7)
 J - a wand of flame (12)
 N - a wand of polymorph (9)
Scrolls
 e - 2 scrolls of magic mapping
 k - 5 scrolls of fog
 m - 10 scrolls of teleportation
 p - 5 scrolls of amnesia
 v - 11 scrolls of remove curse
 H - a scroll of blinking
 K - 3 scrolls of identify
 L - a scroll of holy word
 P - 2 scrolls of fear
Potions
 g - 4 potions of agility
 j - 6 potions of lignification
 l - 3 potions of mutation
 n - 2 potions of flight
 q - 2 potions of berserk rage
 s - 4 potions of curing
 w - 2 potions of might
 A - a potion of haste
 E - a potion of resistance
 G - a potion of invisibility
Comestibles
 B - 37 rations


   Skills:
 - Level 9.0(7.4) Fighting
 + Level 7.2(5.7) Short Blades
 - Level 1.7(0.4) Dodging
 - Level 1.7(0.4) Stealth
 - Level 4.0(2.7) Shields
 + Level 11.4(9.7) Spellcasting
 - Level 6.0(4.5) Conjurations
 + Level 7.1(5.6) Summonings
 - Level 3.0(1.6) Translocations
 - Level 4.0(2.6) Transmutations
 - Level 6.0(4.5) Fire Magic
 + Level 7.0(5.5) Air Magic
 - Level 4.0(2.6) Poison Magic


You had 12 spell levels left.
You knew the following spells:

 Your Spells              Type           Power        Failure   Level  Hunger
a - Flame Tongue          Conj/Fire      ####.        1%          1    None
b - Conjure Flame         Conj/Fire      ####....     1%          3    None
c - Sticky Flame          Conj/Fire      ####....     4%          4    ###....
d - Call Imp              Summ           ####....     1%          2    None
e - Mephitic Cloud        Conj/Pois/Air  ####....     1%          3    None
f - Summon Lightning Spi  Summ/Air       ####....     9%          4    ###....
g - Blink                 Tloc           N/A          7%          2    None
h - Ignite Poison         Fire/Tmut/Pois ###.....     1%          3    None

Your spell library contained the following spells:

 Spells                   Type           Power        Failure   Level  Hunger
 Lee's Rapid Deconstruct  Erth           #.........   50%         5    #####..
 Magic Dart               Conj           ####         1%          1    None
 Throw Flame              Conj/Fire      ####..       1%          2    None
 Poisonous Vapours        Pois/Air       ###...       2%          2    None
 Beastly Appendage        Tmut           ###...       3%          1    None
 Inner Flame              Hex/Fire       ###.....     3%          3    None
 Sticks to Snakes         Tmut           ###.....     4%          2    None
 Spider Form              Tmut/Pois      ###.......   9%          3    None
 Fireball                 Conj/Fire      ####......   11%         5    #####..
 Slow                     Hex            #.......     13%         2    None
 Conjure Ball Lightning   Conj/Air       ####......   38%         6    ######.
 Ice Form                 Ice/Tmut       ##......     45%         4    ###....
 Silence                  Hex/Air        ###.......   61%         5    #####..
 Freezing Cloud           Conj/Ice/Air   ###.......   61%         6    ######.
 Blade Hands              Tmut           ###.......   63%         5    #####..
 Deflect Missiles         Chrm/Air       ###.......   99%         6    ######.
 Ring of Flames           Chrm/Fire      ###.......   100%        7    #######
 Tornado                  Air            ####......   100%        9    #######


Dungeon Overview and Level Annotations

Branches:
Dungeon (11/15)            Temple (0/1) D:5            Lair (5/6) D:10
 Shoals (0/4) Lair:2       Spider (0/4) Lair:3          Orc (0/2) D:9
  Slime: Lair:5-6

Altars:
Ashenzari
Dithmenos
Fedhas
Makhleb
Nemelex Xobeh
Trog
Vehumet
Zin
Beogh

Shops:
D:6 =   D:9 =

Annotations:
D:3 exclusion: downstairs
D:7 exclusion: downstairs
Lair:5 exclusion: 4 oklob plants


Innate Abilities, Weirdness & Mutations

You can spit globs of acid.
Your golden yellow scales are hard. (AC +8)
You cannot fit into any form of body armour.
You are cold-blooded and may be slowed by cold attacks.
You are resistant to acid. (rCorr)


Message History

Your lightning spire shoots out a bolt of lightning at the catoblepas!
The bolt of electricity hits the catoblepas!
Your lightning spire shoots out a bolt of lightning at the catoblepas!
The bolt of electricity hits the catoblepas!
The catoblepas breathes a plume of calcifying dust at your lightning spire.
The blast of calcifying dust hits your lightning spire but does no damage.
The catoblepas gores your lightning spire!
The catoblepas gores your lightning spire.
Your lightning spire shoots out a bolt of lightning at the catoblepas!
The bolt of electricity hits the catoblepas.
The catoblepas breathes a plume of calcifying dust at your lightning spire.
The blast of calcifying dust hits your lightning spire but does no damage.
The catoblepas gores your lightning spire but does no damage.
You see here a buckler.
The blast of calcifying dust hits your lightning spire.
Your lightning spire is destroyed!
A blast of calcifying dust appears from out of your range of vision.
There is a stone staircase leading up here.
The komodo dragon bites you!!
You die...

### ≈≈# ≈≈ ♣♣ ### ###
.###.############(#### ######
P.#....#P#P.##..#...P#####.##.##
..............................P#
.#......##.#....@..............##
##....##.#...##.l.............#.#
#.....P.......#......####.PP.÷.##
#P....P...............####......#
#.......>....##.....##...##...###
#....#.......##.....+.....#.#[#
#....#.......##.[.............##
#.......##......#.....##..#
......##.#......##..#####..#


You could see a komodo dragon.

Vanquished Creatures
  Snorg (Lair:4)
  A hydra (D:10)
  3 two-headed ogres
  Pikel (D:8)
  An oklob plant (D:10)
  A salamander (Volcano)
  3 black mambas (Lair:4)
  Joseph (D:8)
  Maurice (D:8)
  A gargoyle (D:10)
  2 spiny frogs (Lair:5)
  2 komodo dragons (Lair:3)
  A troll (D:11)
  7 hippogriffs
  2 wyverns (D:11)
  3 fire bats (Volcano)
  32 yaks
  2 basilisks (Lair:2)
  A hungry ghost (D:11)
  Menkaure (D:4)
  6 water moccasins
  3 ice beasts
  11 porcupines
  An orc warrior (D:10)
  4 slaves (D:8)
  4 black bears
  2 sky beasts
  3 ogres
  A phantom (D:8)
  A necrophage (D:5)
  3 wolves
  11 centaurs
  2 big kobolds
  5 crocodiles
  11 bullfrogs
  7 scorpions
  A wyvern skeleton (D:11)
  10 killer bees (D:10)
  8 wights (D:7)
  3 howler monkeys
  2 crimson imps
  A quasit (D:4)
  4 jellies
  A bullfrog skeleton (D:9)
  A centaur zombie (D:5)
  6 hounds
  12 orc priests
  5 orc wizards
  3 iguanas
  6 worker ants
  A killer bee zombie (D:4)
  A mummy (D:6)
  A howler monkey zombie (D:10)
  4 gnolls (D:5)
  9 adders
  A shadow imp (D:8)
  8 white imps (Lair:1)
  An ooze (D:2)
  2 adder zombies
  2 adder skeletons
  3 worms
  4 dart slugs
  4 leopard geckos
  42 orcs
  9 giant cockroaches
  5 goblins
  8 hobgoblins
  8 jackals
  4 quokkas
  A ball python skeleton (D:5)
  6 bats
  2 frilled lizards (D:3)
  A hobgoblin zombie (D:6)
  15 kobolds
  3 kobold zombies (D:6)
  2 leopard gecko skeletons
  11 rats
  A plant (D:10)
364 creatures vanquished.

Vanquished Creatures (collateral kills)
  Harold (D:8)
  A hydra (D:11)
  Erica (Lair:2)
  Urug (Lair:4)
  3 oklob plants (Lair:1)
  A salamander (Lair:1)
  2 spiny frogs
  A komodo dragon (Lair:2)
  A troll (D:9)
  A wyvern (Lair:1)
  8 yaks
  3 water moccasins (Lair:2)
  A floating eye (Lair:1)
  A black bear (D:10)
  3 centaurs (D:11)
  2 crocodiles
  3 bullfrogs
  2 crimson imps
  A bullfrog skeleton (D:11)
  A howler monkey skeleton (D:11)
  4 white imps (Lair:1)
  A worm (D:5)
  2 kobolds (D:10)
  A rat (D:5)
  3 plants (Lair:1)
49 creatures vanquished.

Vanquished Creatures (others)
  A centaur (Volcano)
  6 fungi
  2 plants
9 creatures vanquished.

Grand Total: 422 creatures vanquished

Notes
Turn   | Place    | Note
-------+----------+-------------------------------------------
     0 | D:1      | wilfster70 the Draconian Fire Elementalist began the quest
                  | for the Orb.
     0 | D:1      | Reached XP level 1. HP: 14/14 MP: 3/3
   330 | D:1      | Reached XP level 2. HP: 17/20 MP: 5/5
  1317 | D:1      | Reached XP level 3. HP: 26/26 MP: 3/6
  1605 | D:2      | Noticed an ice beast
  1625 | D:2      | Killed an ice beast
  1625 | D:2      | Reached skill level 3 in Spellcasting
  1625 | D:2      | Reached XP level 4. HP: 13/33 MP: 3/8
  1625 | D:2      | Reached XP level 5. HP: 15/38 MP: 3/9
  1818 | D:2      | Learned a level 3 spell: Conjure Flame
  1823 | D:2      | Learned a level 4 spell: Sticky Flame
  2256 | D:2      | Found a burning altar of Makhleb.
  3497 | D:3      | Found a roughly hewn altar of Beogh.
  3886 | D:3      | Reached XP level 6. HP: 37/45 MP: 5/11
  4147 | D:3      | Found a radiant altar of Vehumet.
  4148 | D:3      | Found a shattered altar of Ashenzari.
  4154 | D:3      | Became a worshipper of Vehumet
  4402 | D:4      | Noticed Menkaure
  4402 | D:4      | Noticed an ice beast
  4423 | D:3      | Killed an ice beast
  4603 | D:4      | You fall into a shaft and drop 1 floor!
  4603 | D:5      | Entered Level 5 of the Dungeon
  4631 | D:4      | Reached skill level 4 in Spellcasting
  4652 | D:4      | Reached skill level 5 in Fire Magic
  4917 | D:4      | Your scales start taking on a golden yellow colour.
  4917 | D:4      | Reached XP level 7. HP: 40/50 MP: 4/13
  4917 | D:4      | Gained mutation: You are resistant to acid. (rCorr) [Yellow
                  | Draconian growth]
  4943 | D:4      | Killed Menkaure
  5331 | D:4      | Found a shadowy altar of Dithmenos.
  5591 | D:4      | Reached * piety under Vehumet
  5591 | D:4      | Offered knowledge of Sting by Vehumet.
  5961 | D:5      | Reached skill level 5 in Conjurations
  5984 | D:5      | Found a glowing silver altar of Zin.
  6015 | D:5      | Reached skill level 5 in Spellcasting
  6407 | D:5      | Reached XP level 8. HP: 39/57 MP: 11/16
  6540 | D:5      | Found a staircase to the Ecumenical Temple.
  6558 | D:5      | Learned a level 2 spell: Blink
  6796 | D:5      | Noticed a moth of wrath
  6799 | D:5      | Found a bloodstained altar of Trog.
  7032 | D:6      | Reached skill level 6 in Spellcasting
  7062 | D:6      | Found Mem Ebbe's Jewellery Shoppe.
  7161 | D:6      | Reached skill level 1 in Fighting
  7163 | D:6      | Reached skill level 1 in Translocations
  7261 | D:6      | Learned a level 2 spell: Call Imp
  7265 | D:6      | Learned a level 3 spell: Mephitic Cloud
  7333 | D:6      | Reached skill level 1 in Short Blades
  7455 | D:6      | Reached ** piety under Vehumet
  7560 | D:6      | Offered knowledge of Throw Frost by Vehumet.
  7699 | D:7      | Found a sparkling altar of Nemelex Xobeh.
  7747 | D:7      | Learned a level 4 spell: Summon Lightning Spire
  7969 | D:7      | Reached XP level 9. HP: 67/70 MP: 12/18
  7984 | D:7      | Reached skill level 1 in Summonings
  7984 | D:7      | Reached skill level 1 in Air Magic
  8591 | D:8      | Noticed Joseph
  8723 | D:8      | Noticed Maurice
  8728 | D:8      | Paralysed by Maurice for 2 turns
  8733 | D:8      | Killed Maurice
  8889 | D:8      | Noticed Pikel
  9136 | D:8      | Got a transparent pewter ring
  9176 | D:8      | Killed Pikel
  9569 | D:8      | Noticed Harold
  9668 | D:9      | Found a staircase to the Orcish Mines.
  9672 | D:9      | Offered knowledge of Dazzling Spray by Vehumet.
  9704 | D:9      | Reached skill level 7 in Spellcasting
  9728 | D:9      | Noticed a two-headed ogre
 10488 | D:9      | Killed a two-headed ogre
 10488 | D:9      | Reached XP level 10. HP: 48/78 MP: 11/21
 10564 | D:9      | Reached *** piety under Vehumet
 10795 | D:9      | Found Rataaro's Jewellery Shoppe.
 11086 | D:8      | Killed Joseph
 11086 | D:8      | Reached skill level 1 in Shields
 11086 | D:8      | Reached skill level 5 in Summonings
 11086 | D:8      | Reached skill level 5 in Air Magic
 11522 | D:8      | Killed Harold
 11692 | D:9      | Reached skill level 8 in Spellcasting
 11899 | D:9      | Offered knowledge of Force Lance by Vehumet.
 11960 | D:9      | Identified the ring "Rucseam" {rC+ rN+ MP-9 Int+6} (You
                  | found it on level 8 of the Dungeon)
 12557 | D:10     | Entered Level 10 of the Dungeon
 12783 | D:10     | Reached **** piety under Vehumet
 13244 | D:10     | Offered knowledge of Ignite Poison by Vehumet.
 13275 | D:10     | Noticed a two-headed ogre
 13285 | D:10     | Killed a two-headed ogre
 13285 | D:10     | Reached XP level 11. HP: 84/85 MP: 10/23
 13290 | D:10     | Learned a level 3 spell: Ignite Poison
 13504 | D:10     | Found a blossoming altar of Fedhas.
 13515 | D:10     | Noticed an oklob plant
 13650 | D:10     | Reached skill level 5 in Short Blades
 13650 | D:10     | Reached skill level 1 in Transmutations
 13916 | D:10     | Found a staircase to the Lair.
 14206 | D:10     | Killed an oklob plant
 14206 | D:10     | Reached skill level 1 in Poison Magic
 14655 | D:11     | Reached skill level 5 in Fighting
 15101 | D:11     | Noticed an eight-headed hydra
 15138 | D:11     | Killed an eight-headed hydra
 15138 | D:11     | Reached skill level 9 in Spellcasting
 15676 | D:11     | Reached ***** piety under Vehumet
 15778 | D:11     | Offered knowledge of Lee's Rapid Deconstruction by Vehumet.
 16327 | D:11     | Noticed a two-headed ogre
 16335 | D:11     | Killed a two-headed ogre
 16498 | Lair:1   | Entered Level 1 of the Lair of Beasts
 16517 | Lair:1   | Noticed a four-headed hydra
 16654 | D:10     | Killed a four-headed hydra
 16877 | Lair:1   | Found a dark tunnel.
 16887 | Volcano  | Entered a volcano
 16962 | Volcano  | Noticed a two-headed ogre
 17008 | Lair:1   | Reached skill level 10 in Spellcasting
 17702 | Lair:1   | Reached XP level 12. HP: 89/96 MP: 19/26
 18538 | Lair:1   | Upgraded the game from 0.24-a0-420-g24607be9ce to
                  | 0.24-a0-433-gbe6fa4f6cc
 18579 | Lair:1   | Paralysed by a floating eye for 3 turns
 19453 | Lair:2   | Found a staircase to the Shoals.
 19741 | Lair:2   | Noticed Erica
 19756 | Lair:2   | Killed Erica
 19894 | Lair:2   | Reached skill level 11 in Spellcasting
 21180 | Lair:3   | Found a hole to the Spider Nest.
 21724 | Lair:4   | Noticed Snorg
 21735 | Lair:4   | Killed Snorg
 23088 | Lair:4   | Noticed Urug
 23102 | Lair:4   | Killed Urug
 23108 | Lair:4   | Upgraded the game from 0.24-a0-433-gbe6fa4f6cc to
                  | 0.24-a0-441-g27f0392e16
 23653 | Lair:5   | Reached XP level 13. HP: 45/111 MP: 5/28
 24273 | Lair:5   | Slain by a komodo dragon

Levels and vault maps discovered:
D:1:      wander_arrival_abandoned_jail, layout_loops_corners,
          ebering_dispersal_statue_hall, nrook_mini_vaults
D:2:      layout_basic, makhleb_grotto_becter, serial_co_window_serial,
          co_window_corner_a, co_window_corner_a, co_window_corner_a,
          co_window_paths_b, co_window_paths_a, co_window_cross_1,
          co_window_of_opportunity_a, co_window_cross_2,
          co_window_of_opportunity_b, co_window_cross_3, co_window_broadway_c,
          co_window_4corner_b, glass_columns_a, glass_columns_b,
          glass_columns_b, glass_columns_b, glass_columns_b, minivault_14,
          chequers_serial_rivers_micro_e
D:3:      layout_rooms, gammafunk_temple_overflow_pools, first_ration,
          minmay_misc_feat_rows, kennysheep_orc_chapel
D:4:      layout_loops_ring, grunt_dithmenos_smoke_and_mirrors,
          lemuel_statue_altar, uniq_menkaure
D:5:      layout_rooms, old_standard_altar, tgw_trog,
          minmay_temple_entry_mini_moons, serial_glass, glass_columns_b,
          glass_columns_b, glass_columns_b, glass_columns_b, glass_columns_b,
          glass_columns_a
D:6:      kennysheep_spiral_hall, layout_rooms, serial_shops, kennysheep_mini,
          minmay_mini_ossuary
D:7:      layout_cave_pools, nicolae_overflow_crystal_walls, grunt_ogre_cave,
          minmay_fractal_squares_gapless_5
D:8:      layout_basic, kennysheep_generic_room_7, uniq_joseph, uniq_harold,
          uniq_pikel, uniq_maurice
D:9:      layout_basic, orc_0_dummy, serial_shops, kennysheep_little_box
D:10:     layout_loops_corners, grunt_lair_entry_orc_guard_hut, tgw_fedhas
D:11:     layout_basic
Lair:1:   layout_chaotic_city, portal_ice_cave_entry_imps, enter_volcano_2,
          disabler_island
Lair:2:   layout_loops_ring, minmay_shoals_entry_centaurs, uniq_erica
Lair:3:   layout_small_grid, spider_nest_entry_web_field,
          chequers_serial_rivers_micro_e, infiniplex_staircase_pool_2,
          grunt_megastairs_1
Lair:4:   layout_concentric_octagons, uniq_snorg, uniq_urug
Lair:5:   layout_regular_city, kennysheep_catoblepas_arena,
          serial_bayou_shore_b, lemuel_fruit_fields, minmay_lair_oklob_chamber

Skill      XL: |  1  2  3  4  5  6  7  8  9 10 11 12 |
---------------+-------------------------------------+-----
Conjurations   | 2 3 4 5 6 |  6.0
Spellcasting   | 3 4 5 6 7 8 10 11 | 11.4
Fire Magic     | 4 5 6 |  6.0
Fighting       | 3 4 6 9 |  9.0
Translocations | 3 |  3.0
Short Blades   | 2 4 6 7 |  7.2
Summonings     | 4 6 7 |  7.1
Air Magic      | 4 6 7 |  7.0
Shields        | 4 |  4.0
Transmutations | 4 |  4.0
Poison Magic   | 4 |  4.0
Dodging        | |  1.7
Stealth        | |  1.7

Action                   |  1- 3 |  4- 6 |  7- 9 | 10-12 | 13-15 || total
-------------------------+-------+-------+-------+-------+-------++-------
Melee: Unarmed           |    19 |       |       |       |       ||    19
       Dagger            |    69 |    43 |   100 |   282 |     3 ||   497
       Tailslap          |     6 |     5 |    10 |    42 |       ||    63
 Cast: Flame Tongue      |    32 |   120 |   218 |   402 |     6 ||   778
       Sticky Flame      |       |       |    26 |    81 |     5 ||   112
       Call Imp          |       |       |     2 |     6 |       ||     8
       Conjure Flame     |       |       |     3 |     8 |       ||    11
       Summon Lightning  |       |       |       |    43 |     3 ||    46
       Blink             |       |       |       |     4 |       ||     4
 Abil: Breathe Acid      |       |       |     8 |    14 |       ||    22
  Use: Scroll            |       |     9 |    13 |    13 |       ||    35
       Potion            |       |       |     4 |     4 |       ||     8
 Stab: Sleeping          |     1 |     5 |     3 |       |       ||     9
  Eat: Chunk             |     3 |    10 |    31 |    51 |     3 ||    98
Armor: Skin              |    39 |    27 |   109 |   197 |     3 ||   375
Dodge: Dodged            |    81 |    70 |   184 |   310 |     7 ||   652
Block: Buckler           |       |       |       |   106 |     4 ||   110

Table legend:
 A = Non-vault XP
 B = Vault XP
 C = Vault XP percentage of total XP
 D = Non-vault monster count
 E = Vault monster count
 F = Vault count percentage of total count
                 A         B        C        D         E       F
            +---------+---------+-------+---------+---------+-------
      Total |   29097 |    9682 |  25.0 |     339 |      66 |  16.3
            +---------+---------+-------+---------+---------+-------
        D:1 |      41 |       0 |   0.0 |      22 |       0 |   0.0
        D:2 |     237 |       0 |   0.0 |      27 |       0 |   0.0
        D:3 |     191 |      52 |  21.4 |      19 |       4 |  17.4
        D:4 |     521 |     172 |  24.8 |      24 |       1 |   4.0
        D:5 |     591 |      12 |   2.0 |      21 |       5 |  19.2
        D:6 |     364 |     255 |  41.2 |       8 |       9 |  52.9
        D:7 |     644 |     160 |  19.9 |      14 |       4 |  22.2
        D:8 |     704 |    2301 |  76.6 |      10 |       7 |  41.2
        D:9 |    3083 |       0 |   0.0 |      39 |       0 |   0.0
       D:10 |    3646 |    1089 |  23.0 |      36 |       6 |  14.3
       D:11 |    6016 |       0 |   0.0 |      44 |       0 |   0.0
     Lair:1 |    2799 |    1305 |  31.8 |      18 |      17 |  48.6
     Lair:2 |    2960 |    1091 |  26.9 |      22 |       4 |  15.4
     Lair:3 |    2815 |     367 |  11.5 |      15 |       1 |   6.2
     Lair:4 |    2744 |    1537 |  35.9 |      12 |       2 |  14.3
     Lair:5 |    1741 |     153 |   8.1 |       8 |       1 |  11.1
    Volcano |       0 |    1188 | 100.0 |       0 |       5 | 100.0
            +---------+---------+-------+---------+---------+-------
